Map: Ever Dream LE

Players

Demi - Winner!

  • Race: Zerg Zerg
  • League: Master
  • Spawn Location: 1:00

TeebuL

  • Race: Protoss Protoss
  • Spawn Location: 7:00

Event: DreamHack SC2 Masters 2020 Fall

VOD

Have the link to the VOD?

Description

Time

  • Played on: Aug. 26, 2020, 7:20 a.m.
  • Length: 1:46

All games in this series

Show
View Real Time Build Order
Export as new Build Order

Demi Zerg - Winner!

Build Orders: Hatch First 

Get SALT Encoding   

  12  0:00  Drone  
  13  0:12  Overlord  
  13  0:16  Drone  
  14  0:30  Drone x2  
  16  0:47  Hatchery  
  15  0:51  Drone  
  15  0:54  Drone  
  17  1:12  Spawning Pool  
  17  1:14  Drone  
  18  1:18  Drone  
Show
View Real Time Build Order
Export as new Build Order

TeebuL Protoss 

Build Orders:  

Get SALT Encoding   

  12  0:01  Probe  
  13  0:13  Probe  
  14  0:17  Pylon  
  14  0:25  Probe  
  15  0:36  Forge  
  15  0:55  Pylon  
  15  0:56  Pylon  
  15  1:07  Pylon  
  15  1:09  Pylon  
  15  1:17  Photon Cannon  
  14  1:19  Pylon  
  14  1:22  Pylon  
  14  1:34  Photon Cannon  

Tags
 
Add a new tag
Caveats
  • Supply blocks, unpowered buildings, or Contaminate may cause inaccurate times.
  • Supply counts are checked every 10 seconds.